 Dungeon Crawl Stone Soup version 0.31-a0-230-g09eb5fc4d3 (webtiles) character file.

Game seed: 2205953604772319906

63 qw the Shooter (level 3, -3/29 HPs)
             Began as a Minotaur Hexslinger on July 6, 2023.
             Killed by nerve-wracking pain
             ... invoked by an orc priest
              (7 damage)
             ... on level 3 of the Dungeon.
             The game lasted 00:00:28 (1430 turns).

qw the Shooter (Minotaur Hexslinger)                Turns: 1430, Time: 00:00:28

Health: -3/29      AC:  5    Str: 12    XL:     3   Next: 87%
Magic:  3/3        EV: 11    Int: 10    God:
Gold:   79         SH:  0    Dex: 14    Spells: 3/4 levels left

rFire   . . .        Y - +2 sling
rCold   . . .        (no shield)
rNeg    . . .        a - +0 ring mail
rPois   .            (helmet restricted)
rElec   .            c - scarf {repulsion}
rCorr   .            (no gloves)
SInv    .            (no boots)
Will    .....        (no amulet)
Stlth   +            (no ring)
HPRegen 0.24/turn    (no ring)
MPRegen 0.08/turn

%: repel missiles
@: no status effects
A: horns 2, retaliatory headbutt
a: no special abilities


You were on level 3 of the Dungeon.
You visited 1 branch of the dungeon, and saw 3 of its levels.

You collected 79 gold pieces.


Innate Abilities, Weirdness & Mutations

You have a pair of horns on your head.
You reflexively headbutt those who attack you in melee.


   Skills:
 - Level 2.0 Fighting
 + Level 4.1 Ranged Weapons
 - Level 1.2 Armour
 - Level 2.1 Dodging
 - Level 1.0 Spellcasting
 - Level 2.0 Hexes


You had 3 spell levels left.
You knew the following spells:

 Your Spells              Type           Power      Damage    Failure   Level
a - Slow                  Hex            16%        N/A       34%         1

Your spell library contained the following spells:

 Spells                   Type           Power      Damage    Failure   Level
 Inner Flame              Hex/Fire       2%         N/A       83%         3
 Portal Projectile        Hex/Tloc       4%         N/A       83%         3
 Cause Fear               Hex            2%         N/A       98%         4

Inventory:

Hand Weapons
 Y - a +2 sling (weapon)
Armour
 a - a +0 ring mail (worn)
 c - a scarf of repulsion (worn)
Potions
 b - a potion of enlightenment {unknown}
 d - a potion of mutation {unknown}
 e - a potion of curing
 f - a potion of might {unknown}
 j - a potion of invisibility {unknown}

Dungeon Overview and Level Annotations

Branches:
Dungeon (3/15)

Altars:
Zin

Shops:
D:2 [


Message History

An orc priest comes into view. It is wielding a +0 hand axe.
The orc priest moves out of view.
You shoot a sling bullet. The sling bullet hits the orc.
You kill the orc!
The orc priest shouts!
You shoot a sling bullet.
The sling bullet barely misses the orc priest.
You shoot a sling bullet.
The sling bullet barely misses the orc priest.
The orc priest invokes the aid of Beogh against you.
Pain shoots through your body!
You shoot a sling bullet.
The sling bullet closely misses the orc priest.
You shoot a sling bullet.
The sling bullet closely misses the orc priest.
The orc priest mumbles some strange prayers to Beogh against you.
Beogh smites you!
You shoot a sling bullet. The sling bullet hits the orc priest.
The orc priest is lightly wounded.
You shoot a sling bullet.
The sling bullet hits the orc priest but does no damage.
The orc priest is lightly wounded.
The orc priest barely misses you.
You shoot a sling bullet. The sling bullet hits the orc priest.
The orc priest is lightly wounded.
The orc priest barely misses you.
You shoot a sling bullet.
The sling bullet hits the orc priest but does no damage.
The orc priest is lightly wounded.
The orc priest looks encouraged for a moment.
The orc priest hits you with a +0 hand axe.
You shoot a sling bullet. The sling bullet hits the orc priest.
The orc priest is heavily wounded.
The orc priest hits you but does no damage.
An orc comes into view. It is wielding a +0 dagger.
You shoot a sling bullet. The sling bullet hits the orc priest.
The orc priest is severely wounded.
The orc priest invokes the aid of Beogh against you.
Pain shoots through your body!
You die...

#.#
#o#
#.#
#.#
#)#
#.#
#o#
#@#
#.#
#.#
#.#
#.#
#.#
#.#
#.#
#.#
#####


You could see an orc priest and an orc.

Vanquished Creatures
  2 adders
  2 dart slugs
  An orc (D:3)
  3 ball pythons (D:2)
  2 bats (D:2)
  6 endoplasms
  3 giant cockroaches
  5 goblins
  2 hobgoblins
  3 kobolds
  A quokka (D:2)
  7 rats
37 creatures vanquished.

Notes
Turn   | Place    | Note
-------+----------+-------------------------------------------
     0 | D:1      | qw the Minotaur Hexslinger began the quest for the Orb.
     0 | D:1      | Reached XP level 1. HP: 16/16 MP: 1/1
     0 | D:1      | 0 ||| qw: Version: 0.3-a-46-gb1f654a
     0 | D:1      | 0 ||| qw: Game counter: 1743
     0 | D:1      | 0 ||| qw: Melee chars always use a shield: true
     0 | D:1      | 0 ||| qw: God list: Okawaru
     0 | D:1      | 0 ||| qw: Allow faded altars: false
     0 | D:1      | 0 ||| qw: Do Orc after clearing Dungeon:15 true
     0 | D:1      | 0 ||| qw: Do second Lair branch before Depths: true
     0 | D:1      | 0 ||| qw: Lair rune preference: random
     0 | D:1      | 0 ||| qw: Goals: Normal
     0 | D:1      | 0 ||| PLANNING D:1-11
   165 | D:1      | Reached skill level 3 in Ranged Weapons
   165 | D:1      | Reached XP level 2. HP: 23/23 MP: 2/2
   508 | D:1      | 508 ||| UPGRADING to +0 leather armour.
   518 | D:1      | 518 ||| DROPPING +0 robe.
   519 | D:1      | 519 ||| READING scroll labelled ANWAURI GUTE.
   520 | D:1      | 520 ||| READING scroll labelled IWNEHE XUTT.
   521 | D:1      | 521 ||| READING scroll labelled HOUSOK MINELA.
   522 | D:1      | 522 ||| DRINKING 2 viscous brown potions.
   523 | D:1      | 523 ||| DRINKING 3 bubbling green potions.
   524 | D:1      | 524 ||| DROPPING scroll of poison.
   525 | D:1      | 525 ||| DROPPING 2 potions of brilliance.
   808 | D:2      | Reached XP level 3. HP: 29/29 MP: 3/3
   993 | D:2      | Reached skill level 4 in Ranged Weapons
   995 | D:2      | Found Boxkiubb's Armour Boutique.
  1244 | D:2      | 1244 ||| UPGRADING to +0 ring mail.
  1254 | D:2      | 1254 ||| UPGRADING to scarf of repulsion.
  1259 | D:2      | 1259 ||| DROPPING +0 leather armour.
  1318 | D:3      | Found a glowing silver altar of Zin.
  1375 | D:3      | Reached skill level 1 in Armour
  1424 | D:3      | HP: 7/29 [orc priest/divine providence (13)]
  1430 | D:3      | Killed from afar by an orc priest

Levels and vault maps discovered:
D:1:      dpeg_arrival_tiny_f, layout_rooms, serial_forest,
          infiniplex_forest_lined_room_3, infiniplex_forest_clump_double,
          infiniplex_forest_clump_curved, infiniplex_forest_end_2
D:2:      layout_basic, serial_shops, shop, item_on_display_a
D:3:      layout_basic, kennysheep_vampire_church,
          mainiacjoe_overflow_small_starburst, overflow_temple_1_default,
          ebering_ghost_gozag, hellmonk_ecumenical_altar_blasted, uniq_natasha

Skill      XL: |  1  2  3 |
---------------+----------+-----
Ranged Weapons | 3 4 |  4.1
Fighting       | 2 |  2.0
Armour         | 1 |  1.2
Dodging        | |  2.1
Spellcasting   | |  1.0
Hexes          | |  2.0

Action                     || total
---------------------------++-------
   Fire: Sling             ||    96
    Use: Scroll            ||     3
         Potion            ||     2
 Armour: Leather armour    ||     3
         Ring mail         ||     5
  Dodge: Dodged            ||    16

Table legend:
 A = Non-vault XP
 B = Vault XP
 C = Vault XP percentage of total XP
 D = Non-vault monster count
 E = Vault monster count
 F = Vault count percentage of total count
                 A         B        C        D         E       F
            +---------+---------+-------+---------+---------+-------
      Total |      90 |       0 |   0.0 |      37 |       0 |   0.0
            +---------+---------+-------+---------+---------+-------
        D:1 |      19 |       0 |   0.0 |      11 |       0 |   0.0
        D:2 |      49 |       0 |   0.0 |      22 |       0 |   0.0
        D:3 |      22 |       0 |   0.0 |       4 |       0 |   0.0
            +---------+---------+-------+---------+---------+-------
